 Dungeon Crawl Stone Soup version 0.29-a0-550-g81e455f4c2 (webtiles) character file.

Game seed: 1340577164147484839

46 Morbidden the Conjurer (level 3, -4/17 HPs)
             Began as a Vine Stalker Conjurer on June 5, 2022.
             Was a Follower of Fedhas.
             Slain by an orc
             ... wielding a +0 hand axe
              (5 damage)
             ... on level 3 of the Dungeon.
             The game lasted 00:01:42 (1572 turns).

Morbidden the Conjurer (Vine Stalker Conjurer)      Turns: 1572, Time: 00:01:43

Health: -4/17      AC:  2    Str:  9    XL:     3   Next: 68%
Magic:  0/7        EV: 12    Int: 20    God:    Fedhas [*.....]
Gold:   86         SH:  0    Dex: 12    Spells: 5/6 levels left

rFire   . . .      SeeInvis .   a - +1 dagger (drain)
rCold   . . .      Faith    .   (no shield)
rNeg    . . .      Spirit   +   i - +0 robe
rPois   .          Reflect  .   (no helmet)
rElec   .          Harm     .   (no cloak)
rCorr   .          Rampage  .   (no gloves)
Will    .....                   (no boots)
Stlth   ++........              (no amulet)
HPRegen 0.05/turn               (no ring)
MPRegen 0.10/turn               (no ring)

@: no status effects
A: fangs 2, magic shield, antimagic bite, no potion heal 2
a: Renounce Religion


You were on level 3 of the Dungeon.
You worshipped Fedhas.
Fedhas was aware of your devotion.
You visited 1 branch of the dungeon, and saw 4 of its levels.

You collected 86 gold pieces.

Inventory:

Hand Weapons
 a - a +1 dagger of draining (weapon)
Armour
 i - a +0 robe (worn)
Scrolls
 c - a scroll of blinking {unknown}
 d - 2 scrolls of poison {unknown}
 e - a scroll of amnesia {unknown}
 j - a scroll of enchant armour {unknown}
 k - a scroll of identify {unknown}
 l - a scroll of magic mapping {unknown}
Potions
 b - 2 potions of magic
 f - a potion of haste {unknown}
 g - a potion of attraction {unknown}
 h - 3 potions of curing {unknown}


   Skills:
 * Level 0.6 Fighting
 * Level 0.1 Short Blades
 * Level 1.8 Dodging
 + Level 2.4 Stealth
 + Level 0.4 Unarmed Combat
 * Level 2.4 Spellcasting
 * Level 4.7 Conjurations
 * Level 0.1 Invocations


You had 5 spell levels left.
You knew the following spells:

 Your Spells              Type           Power      Damage    Failure   Level
a - Magic Dart            Conj           84%        1d7       2%          1

Your spell library contained the following spells:

 Spells                   Type           Power      Damage    Failure   Level
 Searing Ray              Conj           42%        2d6       3%          2
 Dazzling Flash           Conj/Hex       22%        N/A       17%         3
 Fulminant Prism          Conj/Hex       5%         3d7       50%         4
 Iskenderun's Mystic Bla  Conj/Tloc      11%        2d4       50%         4
 Animate Armour           Summ/Erth      4%         N/A       83%         4
 Blade Hands              Tmut           1%         N/A       99%         5
 Iron Shot                Conj/Erth      5%         9d2       100%        6


Dungeon Overview and Level Annotations

Branches:
Dungeon (4/15)
 Temple: D:4-7

Altars:
Fedhas


Innate Abilities, Weirdness & Mutations

You have extremely sharp teeth.
When hurt, damage is shared between your health and your magic reserves.
Your bite disrupts and absorbs the magic of your enemies.
Potions cannot restore your health.


Message History

The jackal bites you. The jackal attacks as you move away!
The jackal barely misses you. x2
The jackal attacks as you move away!
The jackal bites you but does no damage.
You hit the jackal.
The jackal is moderately wounded.
The jackal barely misses you. The jackal bites you.
You closely miss the jackal. You bite the jackal. You drain its power.
You feel invigorated.
The jackal is almost dead.
The jackal barely misses you.
You closely miss the jackal.
The jackal is almost dead.
The jackal bites you.
You hit the jackal but do no damage. You drain the jackal.
You kill the jackal!
Fedhas appreciates your contribution to the ecosystem.
You hit the orc but do no damage. You bite the orc, but do no damage.
The orc barely misses you.
You hit the orc but do no damage. The orc hits you with a +0 hand axe.
You hit the orc but do no damage. You drain the orc. Your bite misses the orc.
The orc is severely wounded.
The orc hits you with a +0 hand axe.
You hit the orc but do no damage. You bite the orc, but do no damage.
The orc is severely wounded.
The orc hits you but does no damage.
You barely miss the orc. You bite the orc, but do no damage.
The orc is severely wounded.
The orc hits you with a +0 hand axe.
You hit the orc.
The orc is almost dead.
The orc hits you with a +0 hand axe!
* * * LOW HITPOINT WARNING * * *
Unknown command.
Unknown command.
You hit the orc but do no damage. Your bite misses the orc.
The orc is almost dead.
The orc hits you with a +0 hand axe.
You die...
Fedhas appreciates your contribution to the ecosystem.

#.....# #...##.
#.....###..... #
#......h.h...#.####
#............#.....
#....h.....>...##.#
#..oh.....#.......#
###'##....#.####..#
#o#######.# .
#hoho@..#.###
#######.#...#
####.###.#
#........#
#####....# #.#.##
#...# #####


You could see 3 orcs and 2 jackals.

Vanquished Creatures
  2 adders
  A dart slug (D:1)
  3 ball pythons (D:1)
  A bat (D:1)
  3 endoplasms (D:1)
  2 giant cockroaches
  A hobgoblin (D:4)
  A jackal (D:3)
  3 kobolds (D:1)
  2 frilled lizards (D:1)
  3 goblins
  4 rats
26 creatures vanquished.

Notes
Turn   | Place    | Note
-------+----------+-------------------------------------------
     0 | D:1      | Morbidden the Vine Stalker Conjurer began the quest for the
                  | Orb.
     0 | D:1      | Reached XP level 1. HP: 9/9 MP: 4/4
   257 | D:1      | Reached XP level 2. HP: 9/13 MP: 0/6
   458 | D:1      | Found a faded altar of an unknown god.
   535 | D:1      | Prayed at the altar of an unknown god.
   535 | D:1      | Became a worshipper of Fedhas Madash
   535 | D:1      | Reached * piety under Fedhas
  1321 | D:2      | Reached XP level 3. HP: 17/17 MP: 2/7
  1484 | D:2      | You fall into a shaft and drop 2 floors!
  1572 | D:3      | Slain by an orc

Illustrated notes

Levels and vault maps discovered:
D:1:      amcnicky_arrival_double_pillar, layout_loops_ring,
          shapermc_ecumenical_altar_venn
D:2:      layout_basic
D:3:      layout_basic
D:4:      layout_cave_pools, amcnicky_mini_corridor_feature,
          chequers_decorated_corner, minmay_misc_feat_x, saegor_snake_ambush

Action                   || total
-------------------------++-------
Melee: Dagger            ||    33
       Unarmed           ||     4
       Bite              ||    11
 Cast: Magic Dart        ||    34
 Stab: Sleeping          ||     2
       Distracted        ||     1
Armor: Robe              ||     3
Dodge: Dodged            ||    23

Table legend: (Time is in decaauts)
 A = Elapsed time spent in this place.
 B = Non-inter-level travel time spent in this place.
 C = Inter-level travel time spent in this place.
 D = Time resting spent in this place.
 E = Time spent auto-exploring this place.
 F = Levels seen in this place.
 G = Mean time per level.
                   A        B        C        D        E       F      G
               +--------+--------+--------+--------+--------+-----+--------+
         Total |   1570 |   1532 |     38 |      0 |   1331 |   4 |  392.5 |
       Dungeon |   1570 |   1532 |     38 |      0 |   1331 |   4 |  392.5 |
               +--------+--------+--------+--------+--------+-----+--------+

Top non-repeatable levels by time:
     D:1: 1299 daAuts
     D:2: 183 daAuts
     D:3: 49 daAuts
     D:4: 37 daAuts
